Map: Frozen Temple

Players

blackxored

  • Race: Zerg Zerg
  • League: Platinum

emkay - Winner!

  • Race: Protoss Protoss

VOD

Have the link to the VOD?

Description

Time

  • Played on: June 26, 2016, 7:27 p.m.
  • Length: 24:17
Show
View Real Time Build Order
Export as new Build Order

blackxored Zerg 

Build Orders: Pool First, Lurkers 

Get SALT Encoding   

  12  0:01  Drone  
  13  0:09  Drone  
  14  0:17  Overlord  
  14  0:23  Extractor  
  14  0:24  Drone  
  15  0:37  Drone x2  
  17  0:47  Spawning Pool  
  17  0:49  Drone  
  17  0:56  Drone  
  18  1:13  Hatchery  
  18  1:16  Extractor  
  18  1:18  Drone  
  17  1:20  Drone  
  18  1:27  Drone  
  19  1:38  Overlord  
  19  1:46  Queen  
  21  1:52  Drone  
  22  2:00  Zergling x2  
  23  2:11  Zergling x2  
  24  2:18  Metabolic Boost  
  24  2:22  Queen  
  26  2:23  Drone  
  26  2:27  Queen  
  29  2:45  Drone x4  
  33  3:00  Hatchery  
  31  3:08  Extractor  
  30  3:15  Drone x2  
  31  3:27  Pneumatized Carapace  
  31  3:32  Drone x5  
  31  3:34  Overlord  
  36  3:51  Queen  
  36  3:54  Drone x3  
  40  4:10  Drone x3  
  40  4:11  Drone  
  40  4:14  Queen  
  40  4:15  Overlord x2  
  46  4:24  Drone  
  47  4:26  Spore Crawler  
  47  4:29  Spore Crawler, Drone  
  47  4:30  Drone  
  47  4:36  Drone x5  
  52  4:47  Lair  
  52  4:50  Queen  
  52  4:51  Roach Warren  
  53  4:54  Zergling x8  
  53  4:56  Zergling x2  
  53  4:57  Zergling x2  
  53  4:58  Zergling x2  
  56  5:11  Drone x8  
  61  5:16  Drone  
  61  5:19  Queen  
  60  5:33  Extractor, Drone x7  
  60  5:34  Extractor  
  65  5:48  Drone  
  66  5:50  Drone, Evolution Chamber x2  
  66  5:51  Drone  
  66  5:55  Overlord x2  
  66  5:56  Overlord  
  66  6:04  Extractor  
  66  6:05  Drone  
  66  6:10  Hydralisk Den, Drone  
  66  6:14  Drone x2  
  66  6:15  Drone  
  69  6:19  Drone x2  
  69  6:20  Drone x5  
  69  6:24  Glial Reconstitution  
  76  6:29  Hatchery  
  75  6:36  Drone x3  
  78  6:46  Muscular Augments  
  78  6:48  Zerg Missile Weapons Level 1, Zerg Ground Armor Level 1  
  78  6:52  Drone x2  
  80  6:54  Drone  
  80  6:55  Extractor x2, Drone x6  
  85  7:03  Overlord x4  
  85  7:13  Hydralisk  
  85  7:14  Hydralisk  
  89  7:16  Overlord x4  
  89  7:25  Roach  
  89  7:26  Roach x3  
  97  7:41  Hydralisk x8  
  113  7:48  Drone x4  
  113  7:49  Queen  
  116  8:16  Drone x2  
  116  8:17  Drone x6  
  116  8:18  Drone x6  
  130  8:22  Extractor x2  
  130  8:23  Lurker Den  
  128  8:37  Hydralisk x9  
  128  8:38  Hydralisk, Hatchery  
  147  8:45  Zerg Ground Armor Level 2, Zerg Missile Weapons Level 2  
  147  8:53  Hydralisk x5  
  157  9:11  Roach  
  157  9:12  Overlord  
  157  9:13  Overlord x3  
  157  9:14  Overlord x2  
  157  9:15  Overlord x2  
  159  9:17  Overseer  
  159  9:30  Infestation Pit  
  158  9:32  Drone x2  
  158  9:33  Spire  
  158  9:52  Lurker x9  
  167  9:54  Lurker  
  168  10:00  Queen  
  170  10:09  Extractor  
  170  10:10  Extractor  
  168  10:20  Lurker x2  
  168  10:21  Lurker x4  
  173  10:27  Zergling x4  
  173  10:28  Zergling x48  
  185  10:52  Roach x8  
  185  10:53  Roach x7  
  195  10:59  Lurker  
  195  11:03  Lurker  
  195  11:04  Roach  
  199  11:13  Roach  
  199  11:14  Roach  
  169  11:29  Hydralisk x14  
  170  11:35  Burrow  
  170  11:39  Roach  
  151  11:46  Roach x4  
  135  11:54  Roach x5  
  135  12:00  Roach  
  137  12:16  Roach  
  137  12:17  Roach x8  
  155  12:30  Roach x6  
  155  12:31  Roach x5  
  155  12:35  Drone  
  155  12:36  Drone x5  
  155  12:37  Drone x2  
  183  13:02  Hive  
  183  13:03  Mutalisk x6  
  183  13:04  Mutalisk x2  
  199  13:49  Mutalisk  
  193  14:02  Mutalisk x3  
  198  14:04  Hatchery  
  197  14:15  Lurker x2  
  199  14:35  Greater Spire  
  197  14:48  Hatchery  
  197  14:50  Hydralisk x2  
  197  14:51  Extractor, Hydralisk x3  
  197  14:52  Extractor  
  180  15:21  Ravager  
  180  15:22  Ravager x7  
  180  15:23  Ravager x5  
  179  15:56  Mutalisk x10  
  179  15:57  Mutalisk  
  161  16:13  Roach x10  
  127  16:40  Ravager x3  
  127  16:42  Roach  
  127  16:43  Roach x9  
  83  17:05  Roach x4  
  79  17:16  Roach x5  
  79  17:17  Ravager x4  
  79  17:18  Ravager  
  79  17:22  Drone  
  95  17:24  Hatchery  
  95  17:25  Extractor  
  95  17:26  Hatchery  
  95  17:28  Extractor  
  91  17:33  Roach x3  
  59  17:47  Hatchery  
  59  17:49  Hatchery  
  59  17:51  Hatchery  
  51  17:59  Roach x4  
  52  18:12  Corruptor x4  
  56  18:23  Roach  
  58  18:33  Corruptor  
  55  18:37  Queen  
  59  18:53  Corruptor x5  
  59  18:54  Hatchery  
  68  18:58  Brood Lord x4  
  62  19:32  Brood Lord  
  47  19:43  Zergling x2  
  47  19:44  Zergling x32  
  52  20:35  Brood Lord  
  31  21:29  Zergling x14  
  31  21:30  Zergling x14  
  45  22:11  Zergling x8  
  45  22:12  Zergling x16  
Show
View Real Time Build Order
Export as new Build Order

emkay Protoss - Winner!

Build Orders: 1 Gate Expand 

Get SALT Encoding   

  12  0:00  Probe (Chrono Boost)  
  13  0:11  Probe (Chrono Boost)  
  14  0:17  Pylon  
  14  0:22  Probe (Chrono Boost)  
  15  0:36  Probe (Chrono Boost)  
  15  0:39  Gateway  
  16  0:46  Probe (Chrono Boost)  
  16  0:47  Assimilator  
  17  0:57  Probe (Chrono Boost)  
  18  1:08  Probe (Chrono Boost)  
  19  1:21  Nexus  
  19  1:31  Cybernetics Core  
  19  1:36  Probe (Chrono Boost)  
  20  1:42  Assimilator  
  20  1:46  Probe (Chrono Boost)  
  21  1:51  Pylon  
  21  1:57  Probe (Chrono Boost)  
  22  2:07  Probe (Chrono Boost)  
  23  2:09  Adept (Chrono Boost)  
  23  2:10  Warp Gate  
  25  2:21  Twilight Council, Probe (Chrono Boost)  
  26  2:31  Pylon  
  26  2:33  Probe  
  26  2:36  Probe  
  27  2:38  Adept (Chrono Boost)  
  30  2:45  Probe  
  30  2:47  Probe  
  32  2:57  Resonating Glaives (Chrono Boost), Probe x2  
  34  3:12  Probe x2 (Chrono Boost)  
  34  3:19  Adept (Chrono Boost)  
  36  3:23  Probe x2  
  38  3:29  Gateway  
  38  3:32  Gateway  
  38  3:33  Probe  
  38  3:35  Pylon, Probe  
  40  3:43  Mothership Core  
  40  3:48  Probe  
  43  4:00  Probe  
  43  4:02  Probe  
  45  4:14  Pylon  
  45  4:17  Probe  
  45  4:19  Probe  
  45  4:20  Adept  
  49  4:26  Nexus  
  49  4:28  Pylon  
  49  4:29  Adept x2  
  53  4:32  Probe  
  53  4:34  Probe  
  53  4:36  Blink (Chrono Boost)  
  53  4:37  Assimilator  
  55  4:38  Assimilator  
  55  4:42  Robotics Facility  
  55  4:43  Probe  
  56  4:46  Probe  
  56  4:48  Sentry  
  59  4:54  Probe  
  59  4:58  Probe  
  61  5:10  Probe  
  61  5:11  Probe  
  61  5:12  Adept x2  
  61  5:13  Adept  
  61  5:22  Gateway  
  61  5:23  Probe  
  61  5:24  Gateway  
  61  5:25  Probe  
  61  5:26  Forge  
  61  5:28  Gateway  
  61  5:29  Observer  
  61  5:34  Adept x3  
  68  5:39  Probe x2  
  68  5:41  Probe  
  71  5:47  Pylon  
  71  5:50  Probe x2  
  71  5:53  Immortal, Probe  
  71  5:54  Adept  
  80  5:58  Protoss Ground Weapons Level 1 (Chrono Boost)  
  80  6:01  Probe  
  80  6:02  Probe  
  82  6:06  Probe  
  83  6:14  Pylon  
  83  6:15  Probe  
  83  6:16  Probe  
  85  6:20  Pylon  
  85  6:21  Probe  
  85  6:23  Pylon, Assimilator  
  85  6:25  Assimilator  
  86  6:26  Probe  
  86  6:27  Sentry x3  
  86  6:32  Probe  
  94  6:33  Pylon  
  94  6:34  Immortal  
  94  6:37  Pylon, Probe  
  99  6:40  Zealot  
  99  6:41  Zealot  
  99  6:45  Gateway  
  99  6:46  Gateway  
  103  6:49  Charge  
  103  6:50  Gateway  
  103  7:00  Templar Archives  
  103  7:05  Stalker x2  
  103  7:06  Stalker  
  109  7:13  Immortal  
  113  7:21  Pylon  
  113  7:25  Pylon  
  113  7:27  Sentry x2  
  117  7:32  Robotics Facility  
  117  7:35  Psionic Storm  
  117  7:46  Pylon  
  117  7:50  Photon Cannon  
  117  7:52  Photon Cannon  
  117  7:56  Adept  
  115  8:10  Zealot x5  
  115  8:11  Zealot x2  
  128  8:14  Probe  
  128  8:19  Immortal  
  133  8:21  Immortal  
  133  8:24  Protoss Ground Weapons Level 2 (Chrono Boost)  
  133  8:26  Probe  
  138  8:29  Photon Cannon  
  138  8:32  Photon Cannon x2  
  138  8:36  High Templar x4  
  146  8:51  Zealot x5  
  156  8:58  Gateway  
  156  8:59  Gateway  
  156  9:01  Observer  
  157  9:03  Gateway  
  157  9:05  Gateway  
  157  9:07  Gateway  
  157  9:18  Pylon  
  157  9:19  Pylon  
  157  9:27  Pylon  
  157  9:34  Pylon  
  157  9:35  Warp Prism  
  157  9:36  Pylon  
  158  9:41  High Templar  
  158  9:42  High Templar x3  
  166  9:48  Pylon  
  166  9:49  Pylon  
  166  9:56  Archon  
  166  9:57  Archon  
  166  9:59  High Templar x3  
  172  10:00  High Templar  
  172  10:01  Zealot x6  
  172  10:06  Archon  
  186  10:12  Archon  
  186  10:20  Zealot  
  186  10:21  Zealot x6  
  158  11:00  High Templar  
  158  11:01  High Templar x3  
  158  11:02  High Templar x3  
  172  11:06  Zealot x2  
  172  11:07  Zealot x5  
  172  11:10  Archon x2  
  186  11:12  Archon x3  
  107  11:35  Zealot x4  
  107  11:36  Zealot x6  
  107  11:37  Zealot x4  
  105  11:50  Immortal x2  
  101  12:01  Zealot  
  101  12:02  Zealot x6  
  101  12:03  Zealot x4  
  101  12:04  Zealot  
  107  12:23  Nexus  
  107  12:27  Pylon  
  107  12:29  Pylon  
  93  12:35  Immortal  
  91  12:46  High Templar x5  
  91  12:47  High Templar  
  91  12:49  High Templar  
  91  12:50  High Templar  
  107  12:54  Archon x4  
  107  12:55  High Templar  
  107  12:56  High Templar  
  111  13:03  Archon  
  111  13:04  Zealot  
  111  13:05  Zealot  
  115  13:32  High Templar x2  
  115  13:33  High Templar x2  
  123  13:34  Zealot x5  
  123  13:38  Archon x2  
  133  13:59  High Templar  
  133  14:00  High Templar  
  133  14:01  Zealot x6  
  142  14:05  Archon  
  142  14:36  Nexus  
  142  14:38  Pylon  
  140  14:50  High Templar x4  
  140  14:51  Zealot  
  140  14:52  Zealot x2  
  154  14:56  Archon x2  
  153  15:13  Mothership Core  
  146  15:47  High Templar  
  146  15:48  High Templar x2  
  148  15:55  High Templar  
  150  15:57  Zealot  
  150  15:58  Zealot x3  
  150  16:00  Archon  
  150  16:02  Archon  
  136  16:23  Zealot x2  
  136  16:24  Zealot x3  
  136  16:25  Zealot x2  
  129  16:43  Zealot x2  
  129  16:44  Zealot  
  125  17:09  Assimilator  
  125  17:12  Assimilator  
  118  17:36  Nexus  
  118  17:38  Pylon  
  118  17:40  Pylon  
  118  17:43  Assimilator  
  118  17:44  Assimilator  
  118  17:51  High Templar x3  
  120  17:52  High Templar, Zealot x3  
  120  17:53  Zealot  
  120  17:55  Archon x2  
  130  18:35  Pylon  
  130  18:40  Zealot x5  
  130  18:41  Zealot x2  
  144  18:42  Pylon x2  
  144  18:47  Observer  
  138  19:07  High Templar  
  138  19:08  High Templar x2  
  138  19:09  High Templar, Zealot x2  
  150  19:10  Zealot x3  
  150  19:12  Immortal x2  
  150  19:14  Archon x2  
  156  20:01  Nexus  
  156  20:18  Pylon  
  156  20:20  Pylon  
  156  20:23  Zealot x3  
  156  20:24  Zealot x2  
  166  20:38  Zealot x3  
  172  20:43  Zealot  
  149  21:28  Assimilator  
  149  21:30  Assimilator  
  149  21:34  Pylon  
  141  21:49  Photon Cannon  
  141  21:50  Photon Cannon  
  141  21:52  Photon Cannon  
  141  21:55  Photon Cannon  
  137  22:08  High Templar x4  
  139  22:09  High Templar x2  
  149  22:16  Assimilator  
  149  22:18  Pylon  
  149  22:21  Photon Cannon  
  149  22:22  Photon Cannon  
  149  22:24  Photon Cannon  
  149  22:25  Photon Cannon, Zealot x3  
  149  22:26  Zealot x2  
  149  22:29  Archon x2  
  159  22:30  Archon  
  159  22:54  Zealot x3  
  159  22:56  Zealot x5  
  159  22:57  Zealot x3  
  172  23:36  Stalker x3  
  172  23:37  Stalker  
  172  23:38  Stalker x2  
  172  23:39  Stalker x3  
  178  24:01  Pylon  
Tags
 
Add a new tag
Caveats
  • Supply blocks, unpowered buildings, or Contaminate may cause inaccurate times.
  • Supply counts are checked every 10 seconds.